 Dungeon Crawl Stone Soup version 0.24-a0-762-gca426f56c8 (webtiles) character file.

Game seed: 7215921899419230486, levelgen mode: deterministic

15 Kiporshnikov the Skirmisher (level 2, -4/24 HPs)
             Began as a Human Berserker on Oct 3, 2019.
             Was a Follower of Trog.
             Slain by a kobold
             ... wielding a +2 whip of electrocution
              (5 damage)
             ... on level 1 of the Dungeon.
             The game lasted 00:01:43 (574 turns).

Kiporshnikov the Skirmisher (Human Berserker)        Turns: 574, Time: 00:01:43

Health: -4/24      AC:  3    Str: 17    XL:     2   Next: 65%
Magic:  2/2        EV: 12    Int:  7    God:    Trog [*.....]
Gold:   10         SH:  0    Dex: 12    Spells: 1/1 levels left

rFire    . . .     SeeInvis .   a - +0 falchion
rCold    . . .     Gourm    .   (no shield)
rNeg     . . .     Faith    .   i - +0 leather armour
rPois    .         Spirit   .   (no helmet)
rElec    .         Reflect  .   (no cloak)
rCorr    .         Harm     .   (no gloves)
MR       .....                  (no boots)
Stlth    +.........             (no amulet)
HPRegen  0.08/turn              (no ring)
MPRegen  0.08/turn              (no ring)

@: no status effects
A: no striking features
a: Berserk, Renounce Religion


You were on level 1 of the Dungeon.
You worshipped Trog.
Trog was aware of your devotion.
You were not hungry.

You visited 1 branch of the dungeon, and saw 1 of its levels.

You collected 10 gold pieces.

Inventory:

Hand Weapons
 a - a +0 falchion (weapon)
Missiles
 d - 11 stones (quivered)
Armour
 i - a +0 leather armour (worn)
Jewellery
 e - an uncursed amulet of faith {unknown}
 j - an uncursed amulet of harm {unknown}
Scrolls
 g - 2 scrolls of remove curse {unknown}
 h - a scroll of identify {unknown}
Comestibles
 c - a ration
 f - 3 chunks of flesh


   Skills:
 + Level 3.4 Fighting
 + Level 3.2 Long Blades
 + Level 2.1 Armour
 + Level 2.1 Dodging


You had one spell level left.
You didn't know any spells.
Your spell library was empty.

Dungeon Overview and Level Annotations

Branches:
Dungeon (1/15)

Altars:


Message History

You drop a leather armour.
You drop a +0 animal skin.
Found a short sword.
Some of the chunks of flesh in your inventory have rotted away.
You see here a short sword.
Things that are here:
a +0 animal skin; a leather armour A kobold comes into view.
It is wielding a +2 whip of electrocution.
The kobold shouts!
The kobold throws a stone.
The stone closely misses you.
A kobold is nearby!
Found a leather armour and a short sword.
The kobold hits you with a +2 whip of electrocution.
You are electrocuted!!
Ouch! That really hurt!
* * * LOW HITPOINT WARNING * * *
You hit the kobold.
The kobold is moderately wounded.
The kobold hits you with a +2 whip of electrocution.
You die...

#<...§§#
#...........######.##
#>..§..#
#.##.##..............
#......#
#.##.###..#.#..###.##
######.# #.##.#
#..#.#..# #.#
#####.###.##.. .....#
.# #.## #.. ...
..######..### .# #...
#.# #.###.# ...##
..#####. #.#
#.###.####.....#
........
#)###..##...@K......
####.#.
#.#.....#.##........
####....
#.#........+........
+.......
#.........##........
####....
###.##.######[....).
##.#. #.#### #.....#
#### #[# #...## #
#.##### #+## #
#.....# #.######### #


You could see a kobold.

Vanquished Creatures
  A dart slug (D:1)
  A giant cockroach (D:1)
  2 goblins (D:1)
  A hobgoblin (D:1)
  3 kobolds (D:1)
  3 frilled lizards (D:1)
  A rat (D:1)
12 creatures vanquished.

Notes
Turn   | Place    | Note
-------+----------+-------------------------------------------
     0 | D:1      | Kiporshnikov the Human Berserker began the quest for the
                  | Orb.
     0 | D:1      | Reached XP level 1. HP: 18/18 MP: 1/1
   205 | D:1      | Reached XP level 2. HP: 20/24 MP: 2/2
   573 | D:1      | HP: 1/24 [kobold/+2 whip of electrocution (18)]
   574 | D:1      | Slain by a kobold

Levels and vault maps discovered:
D:1:      dpeg_arrival_fog, layout_loops_corners,
          hangedman_decor_clover_reticule

Action                   || total
-------------------------++-------
Melee: Falchion          ||    26
Armor: Animal skin       ||     2
       Leather armour    ||     2
Dodge: Dodged            ||    19
       Rpst.: Falchion   ||     8

Table legend:
 A = Non-vault XP
 B = Vault XP
 C = Vault XP percentage of total XP
 D = Non-vault monster count
 E = Vault monster count
 F = Vault count percentage of total count
                 A         B        C        D         E       F
            +---------+---------+-------+---------+---------+-------
      Total |      22 |       0 |   0.0 |      12 |       0 |   0.0
            +---------+---------+-------+---------+---------+-------
        D:1 |      22 |       0 |   0.0 |      12 |       0 |   0.0
            +---------+---------+-------+---------+---------+-------
